 Dungeon Crawl Stone Soup version 0.32-a0-999-gfa1cc04b1d (webtiles) character file.

Game seed: 18253543774090792107

461 protoss039 the Digger (level 6, -3/48 HPs)
             Began as a Demonspawn Earth Elementalist on Apr 24, 2024.
             Slain by a gnoll
             ... wielding a +0 halberd
             ... led by a gnoll bouda
              (6 damage)
             ... on level 5 of the Dungeon.
             The game lasted 00:05:13 (4248 turns).

protoss039 the Digger (DsEE)                        Turns: 4248, Time: 00:05:14

Health: -3/48      AC:  4    Str:  8    XL:     6   Next: 79%
Magic:  13/19      EV: 11    Int: 17    God:
Gold:   231        SH:  0    Dex: 14    Spells: 4/11 levels left

rFire   . . .        o - +2 dagger (venom)
rCold   . . .        (no shield)
rNeg    . . .        f - +0 leather armour
rPois   +            (no helmet)
rElec   .            (no cloak)
rCorr   .            n - +0 pair of gloves
SInv    .            (no boots)
Will    .....        g - amulet of the acrobat
Stlth   ++           k - ring of poison resistance
HPRegen 0.28/turn    q - ring of magical power
MPRegen 0.16/turn

%: acrobat
@: weakened, very slightly contaminated
A: demonic guardian 1, sturdy frame 1
a: no special abilities


You were on level 5 of the Dungeon.
You visited 1 branch of the dungeon, and saw 5 of its levels.

You collected 231 gold pieces.

Inventory:

Hand Weapons
 m - a +2 war axe of freezing
 o - a +2 dagger of venom (weapon)
Armour
 f - a +0 leather armour (worn)
 n - a +0 pair of gloves (worn)
Jewellery
 g - an amulet of the acrobat (around neck)
 k - a ring of poison resistance (left hand)
 q - a ring of magical power (right hand)
Wands
 v - a wand of paralysis (10)
Scrolls
 a - 2 scrolls of vulnerability {unknown}
 c - a scroll of fog {unknown}
 e - a scroll of poison {unknown}
 h - 3 scrolls of identify {unknown}
 r - a scroll of enchant weapon {unknown}
 s - a scroll of silence {unknown}
 t - a scroll of teleportation {unknown}
 u - a scroll of revelation {unknown}
 w - a scroll of amnesia {unknown}
Potions
 b - 2 potions of haste
 d - a potion of attraction {unknown}
 i - a potion of invisibility {unknown}
 j - a potion of cancellation {unknown}
 l - a potion of lignification {unknown}
 p - a potion of curing {unknown}
 x - 2 potions of mutation {unknown}


   Skills:
 * Level 3.7 Fighting
 - Level 3.0 Dodging
 - Level 2.0 Stealth
 + Level 3.3 Spellcasting
 + Level 2.8 Conjurations
 + Level 3.8 Earth Magic


You had 4 spell levels left.
You knew the following spells:

 Your Spells              Type           Power      Damage    Failure   Level
a - Sandblast             Erth           30%        2d9       3%          1
b - Passwall              Erth           15%        N/A       12%         3
c - Stone Arrow           Conj/Erth      28%        3d8       14%         3

Your spell library contained the following spells:

 Spells                   Type           Power      Damage    Failure   Level
 Brom's Barrelling Bould  Conj/Erth      14%        2d4       41%         4
 Petrify                  Alch/Erth      9%         N/A       63%         4


Dungeon Overview and Level Annotations

Branches:
Dungeon (5/15) Zot: 25727
 Temple: D:4-7

Altars:
Hepliaklqana
Makhleb
Nemelex Xobeh
Ru

Annotations:
D:4 Dowan, Duvessa


Innate Abilities, Weirdness & Mutations

A weak demonic guardian rushes to your aid.
Your movements are slightly less encumbered by armour. (ER -2)


Message History

The gnoll bouda completely misses you. The gnoll misses you.
The gnoll bouda gazes fiercely through you!
You feel your attacks grow feeble. The gnoll attacks as it pursues you!
The gnoll completely misses you.
Casting: Sandblast (safe; 3% risk of failure)
Confirm with . or Enter, or press ? or * to list all spells.
Aiming: Sandblast (safe; 3% risk of failure)
Press: ? - help, Shift-Dir - straight line, f/p - gnoll bouda
Aim: a gnoll bouda, wielding a +0 club and wearing a +0 robe (almost dead, 84% to hit)
The blast of sand misses the gnoll bouda.
The blast of sand hits the gnoll.
The gnoll is moderately wounded.
The gnoll hits you from afar with a +0 halberd!
* * * LOW HITPOINT WARNING * * *
The gnoll bouda misses you. The gnoll misses you.
Unknown command.
Casting: Sandblast (safe; 3% risk of failure)
Confirm with . or Enter, or press ? or * to list all spells.
Aiming: Sandblast (safe; 3% risk of failure)
Press: ? - help, Shift-Dir - straight line, f/p - gnoll bouda
Aim: a gnoll bouda, wielding a +0 club and wearing a +0 robe (almost dead, 84% to hit)
You miscast Sandblast.
You are very lightly contaminated with residual magic.
Nothing appears to happen.
The gnoll bouda utters an invocation to its god.
The gnoll bouda is healed somewhat.
The gnoll hits you from afar with a +0 halberd.
* * * LOW HITPOINT WARNING * * *
Unknown command.
Casting: Sandblast (safe; 3% risk of failure)
Confirm with . or Enter, or press ? or * to list all spells.
Aiming: Sandblast (safe; 3% risk of failure)
Press: ? - help, Shift-Dir - straight line, f/p - gnoll bouda
Aim: a gnoll bouda, wielding a +0 club and wearing a +0 robe (heavily wounded, 84% to hit)
You miscast Sandblast.
Nothing appears to happen.
The gnoll bouda hits you with a +0 club!
* * * LOW HITPOINT WARNING * * *
A demonic guardian appears!
The gnoll hits you from afar with a +0 halberd.
You die...

########.###.
#.)g.g)...... ####
#####.######.###. ...#
#............# ...###
#####.##.###.# ......
#.##g# .^.... #.##g#
...... #..#.##@# ......
#..#.##.# ######
#..#..5.# #..#.#..#
#..#.#..##
#........##.#
##########.............
.......................
.........###.##..###..#


You could see a gnoll bouda (ally target), a gnoll (swift) and a friendly
ufetubus (summoned).

Vanquished Creatures
  An ogre (D:4)
  2 phantoms
  2 hounds (D:5)
  2 orc wizards
  3 gnolls (D:5)
  2 adders (D:3)
  3 dart slugs
  2 ribbon worms
  7 orcs
  3 endoplasms
  3 giant cockroaches
  7 goblins
  5 hobgoblins
  3 jackals (D:4)
  4 kobolds
  A quokka (D:3)
  4 ball pythons
  3 bats
  3 rats
60 creatures vanquished.

Notes
Turn   | Place    | Note
-------+----------+-------------------------------------------
     0 | D:1      | protoss039 the Demonspawn Earth Elementalist began the
                  | quest for the Orb.
     0 | D:1      | Reached XP level 1. HP: 13/13 MP: 3/3
   266 | D:1      | Gained mutation: Your movements are slightly less
                  | encumbered by armour. (ER -2) [demonic ancestry]
   266 | D:1      | Reached XP level 2. HP: 19/19 MP: 3/5
  1365 | D:2      | Reached skill level 1 in Fighting
  1365 | D:2      | Reached XP level 3. HP: 26/26 MP: 3/6
  1930 | D:2      | Learned a level 3 spell: Passwall
  1952 | D:3      | Noticed a phantom
  1959 | D:3      | Killed a phantom
  1960 | D:3      | Gained mutation: A weak demonic guardian rushes to your
                  | aid. [demonic ancestry]
  1960 | D:3      | Reached XP level 4. HP: 23/33 MP: 0/7
  2384 | D:3      | Found a hazy altar of Hepliaklqana.
  2414 | D:3      | Reached XP level 5. HP: 22/39 MP: 7/9
  2717 | D:3      | Learned a level 3 spell: Stone Arrow
  2773 | D:4      | Found a sparkling altar of Nemelex Xobeh.
  2833 | D:4      | Noticed a phantom
  2842 | D:4      | Killed a phantom
  2941 | D:4      | Noticed Duvessa
  3016 | D:4      | Found a burning altar of Makhleb.
  3087 | D:4      | Noticed an ogre
  3093 | D:4      | Killed an ogre
  3094 | D:4      | Reached XP level 6. HP: 4/47 MP: 10/10
  3475 | D:4      | Noticed Dowan
  3744 | D:5      | Entered Level 5 of the Dungeon
  4177 | D:5      | Found a sacrificial altar of Ru.
  4248 | D:5      | Slain by a gnoll

Illustrated notes

Levels and vault maps discovered:
D:1:      dpeg_arrival_three_same_balls, layout_loops_corners, st_stairs_5
D:2:      layout_basic
D:3:      layout_loops_ring, general_overflow_altar,
          minmay_misc_feat_nine_boxes, st_stairs_9
D:4:      layout_basic, nemelex_spade_bored_becter,
          nicolae_overflow_hidden_temple, uniq_duvessa
D:5:      layout_basic, mainiacjoe_overflow_chevrons,
          amethyst_overflow_temple_binary

Skill      XL: |  1  2  3  4  5  6 |
---------------+-------------------+-----
Stealth        | 2 |  2.0
Dodging        | 2 3 |  3.0
Fighting       | 1 2 3 |  3.7
Earth Magic    | 3 |  3.8
Conjurations   | 2 |  2.8
Spellcasting   | 3 |  3.3

Action                     |  1- 3 |  4- 6 || total
---------------------------+-------+-------++-------
  Melee: Trident           |     4 |       ||     4
         Whip              |    14 |       ||    14
         Dagger            |       |    80 ||    80
         War axe           |       |     7 ||     7
   Cast: Sandblast         |    37 |    34 ||    71
         Passwall          |       |     2 ||     2
    Use: Potion            |     1 |     2 ||     3
   Stab: Sleeping          |     2 |     5 ||     7
 Armour: Robe              |     6 |       ||     6
         Leather armour    |    18 |    57 ||    75
  Dodge: Dodged            |    26 |    62 ||    88

Table legend: (Time is in decaauts)
 A = Elapsed time spent in this place.
 B = Non-inter-level travel time spent in this place.
 C = Inter-level travel time spent in this place.
 D = Time resting spent in this place.
 E = Time spent auto-exploring this place.
 F = Levels seen in this place.
 G = Mean time per level.
                   A        B        C        D        E       F      G
               +--------+--------+--------+--------+--------+-----+--------+
         Total |   4271 |   4165 |    106 |    243 |   3360 |   5 |  854.2 |
       Dungeon |   4271 |   4165 |    106 |    243 |   3360 |   5 |  854.2 |
               +--------+--------+--------+--------+--------+-----+--------+

Top non-repeatable levels by time:
     D:1: 1077 daAuts
     D:4: 1029 daAuts
     D:2: 870 daAuts
     D:3: 779 daAuts
     D:5: 513 daAuts
